AoeStats
← pippo

Arena

510147315Analyzed
2v2 RM · 2d ago on Sep 29, 2026· 40m 46s· 4 players
Game mode
Random Map
Map size
Medium (4 player)
Population
200
Speed
Normal
Resources
Standard
Victory
Conquest
Starting age
Dark Age
Ending age
Imperial Age
RankedLock teamsTeams togetherTeam positionsShared explorationLock speedFull tech treeHidden civsTurbo modeCheats
Victory
Defeat
🇨🇭 Mongols · Switzerland
973
+16
🇨🇭 Khmer · Switzerland
924
+17
🇮🇹 Slavs · Italy
978
-17
🇬🇧 Britons · United Kingdom
951
-27
pippo
12:57 Feudal Age
16:11 Castle Age
13:56 Horse Collar
14:04 Double-Bit Axe
17:54 Heavy Plow
19:41 Wheelbarrow
19:21 Bow Saw
20:46 Scale Barding Armor
23:02 Elite Skirmisher
24:31 Loom
25:41 Hand Cart
30:42 Imperial Age
28:43 Fletching
28:53 Padded Archer Armor
29:22 Bloodlines
29:12 Husbandry
29:31 Town Watch
30:08 Bodkin Arrow
30:30 Leather Archer Armor
30:42 Ballistics
30:43 Tusk Swords
31:24 Bracer
31:35 Forging
31:46 Chain Barding Armor
32:21 Conscription
33:30 Town Patrol
35:38 Chemistry
36:27 Iron Casting
36:33 Plate Barding Armor
38:15 Blast Furnace
37:26 Elite Battle Elephant
39:39 Ring Archer Armor
marco
7:45 Loom
11:04 Feudal Age
16:00 Castle Age
14:21 Double-Bit Axe
14:21 Horse Collar
17:10 Heavy Plow
18:10 Bow Saw
24:08 Fletching
24:28 Heavy Plow
26:34 Wheelbarrow
26:11 Padded Archer Armor
26:55 Bodkin Arrow
27:45 Thumb Ring
28:01 Leather Archer Armor
29:41 Hand Cart
31:42 Pikeman
32:53 Scale Barding Armor
32:52 Scale Mail Armor
33:02 Forging
34:08 Chain Mail Armor
38:54 Imperial Age
38:05 Gold Mining
39:09 Iron Casting
39:23 Heavy Cavalry Archer
40:29 Parthian Tactics
40:11 Bracer
40:42 Plate Mail Armor
41:12 Blast Furnace
40:45 Conscription
41:01 Hoardings
SuperPaul2Turbo
2:14 Loom
11:20 Feudal Age
12:59 Loom
15:42 Castle Age
14:29 Double-Bit Axe
14:27 Horse Collar
17:00 Heavy Plow
18:17 Wheelbarrow
19:28 Bow Saw
22:11 Crossbowman
22:53 Crossbowman
24:10 Hand Cart
24:18 Fletching
25:17 Bodkin Arrow
25:23 Padded Archer Armor
30:50 Imperial Age
30:27 Ballistics
30:57 Arbalester
31:42 Bracer
31:57 Leather Archer Armor
32:49 Conscription
33:01 Yeomen
35:12 Husbandry
37:43 Chemistry
Gimmopr0
10:36 Feudal Age
12:06 Double-Bit Axe
14:09 Forging
16:28 Castle Age
14:16 Horse Collar
14:30 Stone Mining
14:31 Gold Mining
14:29 Loom
25:44 Imperial Age
23:29 Heavy Plow
25:07 Wheelbarrow
29:29 Hand Cart
28:59 Town Watch
29:01 Loom
32:00 Scale Barding Armor
32:05 Forging
32:59 Illumination
32:59 Block Printing
33:24 Theocracy
33:31 Bow Saw
33:53 Crop Rotation
33:38 Husbandry
34:47 Onager
37:49 Two-Man Saw
36:53 Town Patrol
37:25 Elite Boyar
39:17 Chain Barding Armor
39:32 Iron Casting
41:06 Plate Barding Armor
Connection lost

Rejoining the realm…

Still unreachable

The connection could not be restored.

Session expired

The server has moved on; the page needs a fresh start.